Map: [ESL] NeoHumanity

Players

gumiho

  • Race: Terran Terran
  • Spawn Location: 11:00

LiquidElazer (Elazer) - Winner!

  • Race: Zerg Zerg
  • League: Master
  • Spawn Location: 5:00

Event: HomeStory Cup XXIII

VOD

Have the link to the VOD?

Description

Time

  • Played on: July 1, 2023, 9 a.m.
  • Length: 9:59

All games in this series

Show
View Real Time Build Order
Export as new Build Order

gumiho Terran 

Build Orders:  

Get SALT Encoding   

  12  0:01  SCV  
  13  0:13  SCV  
  14  0:17  Supply Depot  
  14  0:25  SCV  
  15  0:38  SCV  
  15  0:39  Barracks  
  16  0:43  Refinery  
  16  0:50  SCV  
  17  1:02  SCV  
  18  1:14  SCV  
  19  1:26  Orbital Command  
  19  1:36  Command Center  
  19  1:47  Factory  
  19  1:49  Marine  
  19  1:53  SCV  
  21  1:58  Refinery  
  21  2:05  Supply Depot  
  21  2:08  SCV  
  22  2:10  Marine  
  23  2:26  SCV  
  23  2:28  Marine  
  25  2:32  Starport  
  25  2:36  Hellion  
  27  2:38  SCV  
  28  2:48  Orbital Command  
  28  2:50  SCV, Barracks Tech Lab  
  29  2:57  Hellion  
  31  3:02  SCV  
  32  3:08  Fusion Core  
  32  3:13  SCV  
  32  3:15  SCV  
  32  3:19  Hellion  
  36  3:24  Supply Depot  
  36  3:25  SCV  
  37  3:35  SCV  
  37  3:37  SCV  
  40  3:48  SCV, Supply Depot  
  40  3:49  SCV  
  40  3:53  Refinery  
  40  3:55  Battlecruiser  
  47  4:01  SCV x2, Refinery  
  49  4:10  Starport  
  49  4:13  SCV x2  
  51  4:19  Supply Depot  
  51  4:25  SCV  
  51  4:26  SCV  
  51  4:29  Weapon Refit  
  53  4:33  Supply Depot  
  53  4:37  SCV  
  53  4:38  SCV  
  55  4:44  Supply Depot  
  55  4:47  Starport Tech Lab  
  55  4:50  SCV x2  
  57  5:01  Battlecruiser  
  57  5:02  SCV x2  
  65  5:14  SCV x2  
  67  5:26  SCV x2  
  67  5:28  Battlecruiser  
  71  5:32  Command Center  
  71  5:33  Hellion  
  71  5:38  SCV x2, Barracks Reactor  
  71  5:42  Supply Depot  
  73  5:50  SCV x2  
  73  5:55  Hellion  
  77  6:02  SCV x2  
  79  6:05  Battlecruiser  
  79  6:06  Supply Depot  
  85  6:19  SCV x2  
  87  6:31  SCV x2  
  89  6:34  Battlecruiser  
  95  6:46  SCV x2  
  97  6:51  Hellion  
  99  6:55  Supply Depot  
  99  6:56  Supply Depot  
  99  6:58  SCV x2  
  101  7:06  Engineering Bay  
  101  7:09  Battlecruiser  
  101  7:10  SCV x2  
  109  7:23  Hellion  
  109  7:25  SCV x2  
  113  7:37  SCV x2  
  113  7:40  Battlecruiser  
  116  7:45  Hellion  
  116  7:49  SCV x2  
  99  8:01  SCV x2  
  87  8:06  Hellion  
  74  8:13  SCV x2, Battlecruiser  
  77  8:25  SCV x2  
  72  8:37  SCV x2  
  74  8:43  Hellion  
  74  8:44  Hellion  
  78  8:49  SCV  
  78  8:50  SCV  
  80  8:59  Orbital Command  
  80  9:02  SCV x2  
  82  9:11  Hellion  
  82  9:14  SCV  
  82  9:16  SCV  
  88  9:17  Hellion, Supply Depot  
  88  9:31  SCV x3  
Show
View Real Time Build Order
Export as new Build Order

LiquidElazer Zerg - Winner!

Build Orders: Hatch First 

Get SALT Encoding   

  12  0:00  Drone  
  13  0:12  Overlord  
  13  0:16  Drone  
  14  0:30  Drone x2  
  16  0:48  Hatchery  
  15  0:50  Drone  
  15  0:54  Drone  
  17  0:57  Drone  
  18  1:07  Extractor  
  17  1:12  Spawning Pool  
  17  1:16  Drone  
  17  1:19  Drone  
  18  1:27  Drone  
  19  1:38  Drone  
  20  1:51  Drone  
  21  1:59  Queen x2  
  21  2:01  Zergling x4  
  27  2:11  Drone, Overlord  
  27  2:14  Metabolic Boost  
  28  2:30  Drone x2  
  28  2:31  Drone  
  31  2:37  Hatchery  
  31  2:41  Queen  
  32  2:45  Overlord  
  32  2:50  Drone  
  33  2:54  Drone x2  
  33  2:55  Drone  
  36  3:04  Overlord  
  36  3:07  Drone x3  
  36  3:10  Drone  
  40  3:13  Queen  
  40  3:19  Queen  
  44  3:23  Drone  
  44  3:25  Drone  
  46  3:31  Zergling x2  
  46  3:32  Zergling x2  
  48  3:36  Drone  
  48  3:38  Overlord  
  48  3:41  Drone x2  
  51  3:47  Drone  
  52  3:50  Queen  
  52  3:52  Drone x4  
  58  3:56  Queen  
  58  4:01  Overlord  
  60  4:05  Drone x3  
  63  4:12  Overlord  
  63  4:13  Drone x2  
  65  4:24  Overlord  
  64  4:25  Zergling x8  
  64  4:26  Lair  
  64  4:27  Queen  
  64  4:31  Drone x3, Spore Crawler  
  71  4:33  Spore Crawler  
  71  4:34  Drone  
  71  4:35  Drone  
  73  4:39  Queen  
  73  4:45  Drone x3, Baneling Nest  
  77  4:50  Overlord  
  77  4:51  Drone  
  78  4:57  Drone x4  
  78  4:58  Drone  
  82  5:00  Overlord  
  82  5:01  Drone  
  82  5:03  Queen  
  85  5:09  Overlord  
  85  5:12  Roach Warren  
  85  5:15  Queen  
  85  5:20  Spore Crawler  
  86  5:22  Drone x7  
  92  5:32  Zergling x10  
  92  5:35  Evolution Chamber x2  
  96  5:36  Extractor x2  
  96  5:38  Queen  
  96  5:42  Drone x6  
  101  5:46  Drone x2  
  101  5:48  Drone  
  104  5:50  Glial Reconstitution  
  104  5:51  Extractor  
  104  5:54  Overlord  
  103  5:58  Overlord  
  103  5:59  Extractor  
  103  6:01  Extractor  
  103  6:02  Zerg Missile Weapons Level 1  
  103  6:03  Overlord  
  101  6:10  Zergling x14  
  106  6:19  Hatchery  
  106  6:24  Overlord, Zerg Ground Armor Level 1  
  105  6:27  Queen x3  
  105  6:29  Drone  
  105  6:31  Drone, Spore Crawler  
  109  6:45  Overlord  
  101  6:56  Roach x2  
  101  6:57  Roach x8, Spire  
  101  6:58  Drone x2  
  120  7:03  Queen  
  120  7:05  Spore Crawler  
  120  7:07  Drone x3  
  124  7:13  Roach x5  
  131  7:23  Overlord, Queen x2  
  131  7:28  Drone x3, Spore Crawler  
  131  7:29  Drone  
  134  7:38  Queen  
  129  8:03  Drone  
  120  8:12  Corruptor x9  
  111  8:14  Hatchery  
  111  8:18  Corruptor x2  
  123  8:23  Drone  
  114  8:30  Corruptor x2  
  114  8:33  Zergling x4  
  114  8:34  Zergling x6  
  119  8:42  Corruptor x2  
  123  8:51  Roach x6  
  123  8:53  Roach  
  137  8:58  Roach x4  
  137  9:01  Roach  
  147  9:08  Roach x3  
  153  9:15  Overlord x2  
  153  9:21  Corruptor  
  153  9:22  Corruptor x2  
  145  9:26  Drone x6  
  151  9:36  Unknown  
Tags
 
Add a new tag
Caveats
  • Supply blocks, unpowered buildings, or Contaminate may cause inaccurate times.
  • Supply counts are checked every 10 seconds.